 Dungeon Crawl Stone Soup version 0.30.1-1-g62c8e00024 (webtiles) character file.

Game seed: 8525030505075727233

354 7w4c the Caller (level 6, -1/43 HPs)
             Began as a Merfolk Summoner on July 17, 2023.
             Was an Initiate of Yredelemnul.
             Succumbed to a scorpion's poison
             ... on level 5 of the Dungeon.
             The game lasted 00:18:20 (4231 turns).

7w4c the Caller (Merfolk Summoner)                  Turns: 4231, Time: 00:18:20

Health: -1/43      AC:  6    Str:  9    XL:     6   Next: 63%
Magic:  27/29      EV: 13    Int: 18    God:    Yredelemnul [......]
Gold:   284        SH:  0    Dex: 14    Spells: 3/12 levels left

rFire   + . .        c - +0 short sword
rCold   . . .        (no shield)
rNeg    . . .        s - +2 robe "Zoamiete" {rF+ rCorr Int+2}
rPois   .            t - +0 helmet
rElec   .            (no cloak)
rCorr   +            A - +0 pair of gloves
SInv    .            (no boots)
Will    .....        (no amulet)
Stlth   ++           m - ring of magical power
HPRegen 0.27/turn    n - ring of magical power
MPRegen 0.21/turn

%: no passive effects
@: lethally poisoned (-1 -> -17)
A: (nimble swimmer 2), mertail
a: Renounce Religion, Recall Undead Harvest


You were on level 5 of the Dungeon.
You worshipped Yredelemnul.
Yredelemnul was noncommittal.
You visited 1 branch of the dungeon, and saw 5 of its levels.

You collected 284 gold pieces.

Inventory:

Hand Weapons
 c - a +0 short sword (weapon)
Armour
 s - the +2 robe "Zoamiete" (worn) {rF+ rCorr Int+2}
   (You found it on level 2 of the Dungeon)

   Int:       It affects your intelligence (+2).
   rF:        It protects you from fire.
   rCorr:     It protects you from acid and corrosion.
 t - a +0 helmet (worn)
 A - a +0 pair of gloves (worn)
Magical Staves
 e - a staff of poison
 y - a staff of cold
Jewellery
 i - a ring of poison resistance
 m - a ring of magical power (left hand)
 n - a ring of magical power (right hand)
 o - a ring of willpower
 v - a ring of protection from fire
Wands
 u - a wand of paralysis (18)
Scrolls
 h - a scroll of fog
 k - a scroll of poison
 p - 2 scrolls of noise
 q - a scroll of enchant armour {unknown}
 r - a scroll of magic mapping {unknown}
 C - a scroll of teleportation {unknown}
 D - a scroll of fear {unknown}
Potions
 a - a potion of heal wounds {unknown}
 b - a potion of magic
 d - 3 potions of haste {unknown}
 f - 6 potions of curing {unknown}
 g - 2 potions of resistance {unknown}
 j - a potion of invisibility {unknown}
 l - a potion of attraction {unknown}
 w - a potion of berserk rage {unknown}
 x - a potion of ambrosia {unknown}
 z - a potion of might {unknown}
 B - a potion of flight {unknown}


   Skills:
 + Level 1.0 Fighting
 + Level 0.5 Short Blades
 + Level 3.6 Dodging
 + Level 3.2 Stealth
 + Level 3.6 Spellcasting
 + Level 0.6 Hexes
 * Level 6.0 Summonings


You had 3 spell levels left.
You knew the following spells:

 Your Spells              Type           Power      Damage    Failure   Level
a - Summon Small Mammal   Summ           96%        N/A       1%          1
b - Call Imp              Summ           48%        N/A       1%          2
c - Call Canine Familiar  Summ           24%        N/A       3%          3
d - Summon Guardian Gole  Hex/Summ       15%        N/A       12%         3

Your spell library contained the following spells:

 Spells                   Type           Power      Damage    Failure   Level
 Blink                    Tloc           6%         N/A       24%         2
 Lesser Beckoning         Tloc           6%         N/A       24%         2
 Momentum Strike          Conj/Tloc      6%         3d8       24%         2
 Hailstorm                Conj/Ice       3%         3d3       43%         3
 Summon Lightning Spire   Summ/Air       14%        N/A       41%         4
 Ice Form                 Ice/Tmut       3%         N/A       83%         4
 Simulacrum               Ice/Necr       Unusable   N/A       N/A         6

Dungeon Overview and Level Annotations

Branches:
Dungeon (5/15)
 Temple: D:4-7

Altars:
Yredelemnul


Innate Abilities, Weirdness & Mutations

((You are very nimble when in or above water. (Stealth+, EV+, Speed+++)))
Your lower body shifts to a powerful aquatic tail in water.


Message History

Found 11 gold pieces.
Found 17 gold pieces.
The scorpion stings you.
You are poisoned.
The scorpion poisons you!
Your hound bites the scorpion but does no damage.
The scorpion attacks as you move away! The scorpion stings you.
You are more poisoned.
The scorpion poisons you!
You feel very sick.
Your hound bites the scorpion but does no damage.
Casting: Call Canine Familiar (dangerous; 3% risk of failure)
Confirm with . or Enter, or press ? or * to list all spells.
A guardian golem appears, shielding your allies.
You feel very sick.
Your hound bites the scorpion.
The scorpion barely misses you.
Your hound bites the scorpion but does no damage.
You feel very sick. The scorpion completely misses you.
Your hound bites the scorpion.
You feel very sick.
Your hound bites the scorpion.
Your hound bites the scorpion but does no damage.
The scorpion attacks as you move away!
The scorpion stings you but does no damage.
You feel sick. The scorpion barely misses you.
You feel sick.
Your hound closely misses the scorpion.
The scorpion stings you.
You are more poisoned.
The scorpion poisons you!
Your hound misses the scorpion.
You feel very sick.
Your hound barely misses the scorpion.
The scorpion stings you.
* * * LOW HITPOINT WARNING * * *
You are more poisoned.
The scorpion poisons you!
* * * LOW HITPOINT WARNING * * *
You feel very sick.
Your hound barely misses the scorpion.
The scorpion barely misses you.
Your hound bites the scorpion but does no damage.
The scorpion attacks as you move away! The scorpion closely misses you.
You die...
Your body rises from the dead as a mindless zombie.

#.. ... ... #.. .
#....#. ..#..#.#####..
.. ..#...#..............
.#.#.......#.#.. .......
......#.#...............
#...#.....#...#..#####.#
..#....#....#...# ##. #
#...#..@9.#...#.# #.#
......#.#.......# ##.##
.#.#....sh.#.#.## #.#
.....#..$#.....# ##.
..#..$.#....#.########..
.....#...#.............#
.#.#.......#.###.#####.#
.. ....###.....#.#####.#
# ##... #.#............


You could see a scorpion (ally target) and a friendly guardian golem (summoned).

Vanquished Creatures
  2 ball pythons (D:3)
  A giant cockroach (D:4)
  A hobgoblin (D:4)
  3 bats
  2 kobolds (D:1)
  4 rats
13 creatures vanquished.

Vanquished Creatures (collateral kills)
  A hound (D:4)
  An orc priest (D:3)
  4 gnolls (D:4)
  2 adders
  An ufetubus (D:5)
  2 worms
  3 dart slugs
  4 orcs (D:3)
  5 endoplasms
  2 giant cockroaches
  7 goblins
  4 hobgoblins
  2 jackals (D:2)
  A quokka (D:2)
  7 ball pythons
  4 bats
  A goblin zombie (D:3)
  8 kobolds
  5 rats
64 creatures vanquished.

Vanquished Creatures (others)
  A human (D:3)
1 creature vanquished.

Grand Total: 78 creatures vanquished

Notes
Turn   | Place    | Note
-------+----------+-------------------------------------------
     0 | D:1      | 7w4c the Merfolk Summoner began the quest for the Orb.
     0 | D:1      | Reached XP level 1. HP: 13/13 MP: 3/3
   335 | D:1      | Reached XP level 2. HP: 19/19 MP: 3/5
   510 | D:1      | Learned a level 2 spell: Call Imp
   994 | D:1      | Reached XP level 3. HP: 13/25 MP: 4/6
  1578 | D:2      | Learned a level 3 spell: Call Canine Familiar
  2116 | D:2      | Identified the +2 robe "Zoamiete" {rF+ rCorr Int+2}
  2466 | D:3      | Reached XP level 4. HP: 31/31 MP: 8/8
  2608 | D:3      | Reached skill level 5 in Summonings
  2971 | D:3      | Found a runed translucent door.
  2971 | D:3      | Noticed a human
  3000 | D:3      | Found a basalt altar of Yredelemnul.
  3047 | D:3      | Learned a level 3 spell: Summon Guardian Golem
  3065 | D:3      | Killed a human
  3066 | D:3      | Reached skill level 1 in Fighting
  3066 | D:3      | Reached XP level 5. HP: 37/37 MP: 10/10
  3066 | D:3      | Reached XP level 6. HP: 43/43 MP: 11/11
  3080 | D:3      | Became a worshipper of Yredelemnul the Dark
  3525 | D:4      | Reached * piety under Yredelemnul
  3811 | D:4      | Reached skill level 6 in Summonings
  4097 | D:5      | Entered Level 5 of the Dungeon
  4231 | D:5      | Succumbed to a scorpion's poison

Illustrated notes

Levels and vault maps discovered:
D:1:      beargit_arrival_greenhouse, layout_loops_corners
D:2:      minmay_diamond_boxcup, layout_loops_ring
D:3:      layout_basic, dk_yredelemnul_ordeal
D:4:      layout_gridville, serial_glass, glass_columns_b, glass_columns_a,
          item_on_display_a, minmay_statues_item
D:5:      layout_loops_cross, mainiacjoe_overflow_surrounded_room,
          nicolae_kite_square_tiling_tiny, grunt_ministairs_12

Skill      XL: |  1  2  3  4  5  6 |
---------------+-------------------+-----
Dodging        | 3 |  3.6
Summonings     | 5 6 |  6.0
Spellcasting   | 3 |  3.6
Fighting       | 1 |  1.0
Stealth        | 3 |  3.2
Short Blades   | |  0.5
Hexes          | |  0.6

Action                     |  1- 3 |  4- 6 || total
---------------------------+-------+-------++-------
  Melee: Short sword       |    26 |    30 ||    56
         Punch             |     1 |     1 ||     2
   Cast: Summon Small Mamm |    33 |     6 ||    39
         Call Imp          |     7 |     4 ||    11
         Call Canine Famil |     7 |     8 ||    15
         Summon Guardian G |       |     3 ||     3
 Invoke: Recall Undead Har |       |     2 ||     2
    Use: Scroll            |     1 |     2 ||     3
   Stab: Sleeping          |     2 |     1 ||     3
 Armour: Robe              |    21 |    21 ||    42
  Dodge: Dodged            |    76 |    56 ||   132
